 Dungeon Crawl Stone Soup version 0.29.0-4-gdea44cf6ec (webtiles) character file.

Game seed: 184250116277160545

48 ProzacElf the Chopper (level 3, -4/46 HPs)
             Began as a Hill Orc Monk on Aug 27, 2022.
             Slain by a gnoll
             ... wielding a +0 flail
              (6 damage)
             ... on level 2 of the Dungeon.
             The game lasted 00:02:12 (1584 turns).

ProzacElf the Chopper (Hill Orc Monk)               Turns: 1584, Time: 00:02:12

Health: -4/46      AC:  3    Str: 15    XL:     3   Next: 72%
Magic:  3/3        EV: 12    Int: 10    God:
Gold:   23         SH:  0    Dex: 13    Spells: 1/2 levels left

rFire   . . .      SeeInvis .   a - +0 hand axe
rCold   . . .      Faith    .   (no shield)
rNeg    . . .      Spirit   .   i - +0 leather armour
rPois   .          Reflect  .   (no helmet)
rElec   .          Harm     .   (no cloak)
rCorr   .          Rampage  .   (no gloves)
Will    .....                   (no boots)
Stlth   ..........              (no amulet)
HPRegen 0.15/turn               (no ring)
MPRegen 0.08/turn               (no ring)

@: berserking, very quick
A: no striking features
a: no special abilities


You were on level 2 of the Dungeon.
You visited 1 branch of the dungeon, and saw 2 of its levels.

You collected 36 gold pieces.
You spent 13 gold pieces at shops.

Inventory:

Hand Weapons
 a - a +0 hand axe (weapon)
 b - a +0 sling
Missiles
 h - 4 poisoned darts (quivered)
Armour
 f - a +0 robe
 i - a +0 leather armour (worn)
Scrolls
 d - 2 scrolls of blinking {unknown}
 g - a scroll of fear {unknown}
Potions
 c - a potion of ambrosia {!e}


   Skills:
 - Level 3.6 Fighting
 + Level 5.1 Axes
 + Level 3.1 Dodging
 - Level 1.5 Stealth


You had one spell level left.
You knew the following spells:

 Your Spells              Type           Power      Damage    Failure   Level
p - Apportation           Tloc           0%         N/A       43%         1

Your spell library contained the following spells:

 Spells                   Type           Power      Damage    Failure   Level
 Alistair's Intoxication  Tmut/Pois      0%         N/A       100%        5


Dungeon Overview and Level Annotations

Branches:
Dungeon (2/15)

Altars:

Shops:
D:1 !


Message History

Ye hit tha goblin.
Tha goblin be moderately wounded.
Tha goblin hits ye wit' a +0 club.
Ye take 4 damage, an' haf 26/31 hp.
Ye barely miss tha goblin.
Tha goblin be moderately wounded.
Tha goblin hits ye wit' a +0 club.
Ye take 1 damage, an' haf 25/31 hp.
Ye barely miss tha goblin.
Tha goblin be moderately wounded.
Tha goblin closely misses ye.
Ye slash tha goblin!
Ye kill tha goblin!
Ye hit tha quokka.
Tha quokka be heavily wounded.
Tha quokka closely misses ye.
Ye closely miss tha quokka.
Tha quokka be heavily wounded.
Tha quokka closely misses ye.
Tha quokka barely misses ye.
Ye hit tha quokka.
Ye kill tha quokka!
Tha gnoll attacks as ye move away!
Tha gnoll hits ye wit' a +0 flail.
Ye take 6 damage, an' haf 20/31 hp.
Thar be an op'n door 'ere.
Tha gnoll attacks as ye move away!
Tha gnoll closely misses ye.
Tha gnoll attacks as ye move away!
Tha gnoll misses ye.
Tha gnoll attacks as ye move away!
Tha gnoll hits ye wit' a +0 flail.
Ye take 6 damage, an' haf 15/31 hp.
Tha gnoll attacks as ye move away!
Tha gnoll hits ye wit' a +0 flail!
* * * LOW HITPOINT WARNIN'
* * * Ye take 10 damage, an' haf 5/31 hp.
MASSIVE DAMAGE!!
Tha gnoll attacks as ye move away!
Tha gnoll hits ye wit' a +0 flail.
* * * LOW HITPOINT WARNIN'
* * * Ye take 4 damage, an' haf 1/31 hp.
Thar be a stone staircase leadin' up 'ere.
It was a potion o' berserk rage.
A red film seems ta co'er yer vision as ye go berserk!
Ye feel yerself movin' faster!
Ye feel mighty!
Tha gnoll hits ye wit' a +0 flail.
Ye die...

### #@# #g#
#.# #g# #S#
#g#
#########.#
........#.#
......††#.#


You could see 3 gnolls and a ball python.

Vanquished Creatures
  An adder (D:2)
  A dart slug (D:2)
  5 ball pythons (D:1)
  6 bats
  3 endoplasms (D:1)
  A giant cockroach (D:1)
  3 goblins
  3 hobgoblins (D:1)
  2 quokkas
  2 frilled lizards (D:1)
  4 kobolds (D:1)
31 creatures vanquished.

Notes
Turn   | Place    | Note
-------+----------+-------------------------------------------
     0 | D:1      | ProzacElf the Hill Orc Monk began the quest for the Orb.
     0 | D:1      | Reached XP level 1. HP: 19/19 MP: 1/1
   209 | D:1      | Reached XP level 2. HP: 26/26 MP: 2/2
   532 | D:1      | Learned a level 1 spell: Apportation
   897 | D:1      | Found Zolabog's Distillery.
   911 | D:1      | Reached XP level 3. HP: 24/31 MP: 3/3
   990 | D:1      | Bought a potion of degeneration for 13 gold pieces
  1438 | D:2      | Reached skill level 5 in Axes
  1582 | D:2      | HP: 1/31 [gnoll/+0 flail (4)]
  1584 | D:2      | Slain by a gnoll

Illustrated notes

Levels and vault maps discovered:
D:1:      lemuel_arrival_room, layout_loops_ring, serial_shops,
          nicolae_shop_waterfront
D:2:      layout_basic, kennysheep_generic_room_8

Skill      XL: |  1  2  3 |
---------------+----------+-----
Dodging        | 3 |  3.1
Axes           | 5 |  5.1
Fighting       | |  3.6
Stealth        | |  1.5

Action                   || total
-------------------------++-------
Melee: Hand axe          ||   107
       Punch             ||     1
  Use: Potion            ||     1
 Stab: Sleeping          ||     3
Armor: Robe              ||    15
       Leather armour    ||    19
Dodge: Dodged            ||    74
